 Dungeon Crawl Stone Soup version 0.19.1 (webtiles) character file.

476 CanadianGator the Shield-Bearer (level 7, -12/55 HPs)
             Began as a Formicid Fighter on Dec 21, 2016.
             Killed by divine providence
             ... invoked by an orc priest
              (17 damage)
             ... on level 5 of the Dungeon.
             The game lasted 00:07:57 (3530 turns).

CanadianGator the Shield-Bearer (Formicid Fighter)  Turns: 3530, Time: 00:07:57

Health: -12/55     AC:  9    Str: 21    XL:     7   Next: 32%
Magic:  7/7        EV:  9    Int:  7    God:
Gold:   227        SH: 10    Dex: 12    Spells: 0 memorised, 6 levels left

rFire  . . .     SeeInvis +     a - +0 long sword
rCold  . . .     Gourm    .     b - +0 scale mail
rNeg   . . .     Faith    .     c - +0 shield
rPois  .         Spirit   .     (helmet unavailable)
rElec  .         Reflect  .     (no cloak)
rCorr  .         Harm     .     (no gloves)
MR     .....                    s - +1 pair of boots
Stlth  ..........               (no amulet)
                                (no ring)
                                i - ring of loudness

@: no status effects
A: permanent stasis, dig shafts and tunnels, four strong arms, antennae 3
a: Dig, Shaft Self


You were on level 5 of the Dungeon.
You were not hungry.

You visited 1 branch of the dungeon, and saw 5 of its levels.

You collected 227 gold pieces.

Inventory:

Hand Weapons
 a - a +0 long sword (weapon)
Armour
 b - a +0 scale mail (worn)
 c - a +0 shield (worn)
 m - a +0 chain mail
 s - a +1 pair of boots (worn)
Jewellery
 i - a ring of loudness (left hand)
Wands
 l - a wand of flame (25/48)
Scrolls
 e - a scroll of remove curse
Potions
 d - a potion of might
 h - a potion of brilliance
 n - a potion of heal wounds
 p - a potion of haste {unknown}
 q - 2 potions of curing {unknown}
Books
 k - a book of Cantrips

   Spells                             Type                      Level
   a - Confusing Touch                Hexes                        1
   b - Animate Skeleton               Necromancy                   1
   c - Summon Small Mammal            Summoning                    1
   d - Apportation                    Translocation                1
Comestibles
 f - 3 bread rations
 g - a meat ration


   Skills:
 + Level 4.5 Fighting
 * Level 4.3 Long Blades
 + Level 4.3 Armour
 + Level 2.1 Dodging
 * Level 5.7 Shields


You had 6 spell levels left.
You didn't know any spells.

Dungeon Overview and Level Annotations

Branches:
Dungeon (5/15)
 Temple: D:4-7

Altars:
Ashenzari
Cheibriados
Yredelemnul


Innate Abilities, Weirdness & Mutations

You are under a permanent stasis effect.
You can dig through walls and to a lower floor.
Your four strong arms can wield two-handed weapons with a shield.
You have a pair of large antennae on your head. (SInv)


Message History

The orc priest looks braver for a moment.
Okay, then.
You hit the orc priest but do no damage.
The orc priest is severely wounded.
You block the orc priest's attack. The orc priest misses you.
You barely miss the orc priest.
The orc priest is severely wounded.
The orc priest hits you but does no damage.
You hit the orc priest.
The orc priest is almost dead.
The orc priest calls down the wrath of Beogh upon you.
Pain shoots through your body!
* * * LOW HITPOINT WARNING * * *
You slash the orc priest!
You kill the orc priest!
You slash the orc priest!
The orc priest is severely wounded.
The orc priest invokes the aid of Beogh against you.
Beogh smites you!
You die...

#.......#
#.......#
#.......#
#.......#
#.......# #....+
###....+ #
##o#....###.#
#@#{.<......#
#######{.....#....
.............##.##
.................
................#
....{..##..######
....... .....#
....... ###....
+#..... ....


You could see an orc priest.

Vanquished Creatures
  An ogre (D:4)
  3 hounds (D:4)
  2 orc priests (D:5)
  A bullfrog skeleton (D:5)
  An orc wizard (D:4)
  A hound skeleton (D:4)
  4 gnolls (D:3)
  3 adders
  An ooze (D:3)
  2 dart slugs
  6 leopard geckos
  8 orcs
  3 ball pythons
  6 giant cockroaches
  11 goblins
  7 hobgoblins
  5 jackals
  2 quokkas (D:4)
  8 bats
  6 frilled lizards
  7 kobolds
  A leopard gecko skeleton (D:3)
  A quokka skeleton (D:4)
  8 rats
98 creatures vanquished.

Notes
Turn   | Place    | Note
-------+----------+-------------------------------------------
     0 | D:1      | CanadianGator the Formicid Fighter began the quest for the Orb.
     0 | D:1      | Reached XP level 1. HP: 18/18 MP: 1/1
    86 | D:1      | Reached XP level 2. HP: 23/24 MP: 2/2
   203 | D:1      | Reached skill level 4 in Shields
   203 | D:1      | Reached XP level 3. HP: 16/29 MP: 3/3
   748 | D:2      | Found a basalt altar of Yredelemnul.
   873 | D:2      | Reached skill level 1 in Dodging
   897 | D:2      | Found a shattered altar of Ashenzari.
   935 | D:2      | Reached XP level 4. HP: 32/35 MP: 4/4
  1477 | D:3      | Found a snail-covered altar of Cheibriados.
  1824 | D:3      | Reached XP level 5. HP: 41/41 MP: 5/5
  2088 | D:3      | Reached skill level 5 in Shields
  2265 | D:4      | Noticed an ogre
  2277 | D:4      | Killed an ogre
  2277 | D:4      | Reached XP level 6. HP: 19/48 MP: 6/6
  3291 | D:4      | Reached XP level 7. HP: 51/54 MP: 7/7
  3466 | D:5      | Entered Level 5 of the Dungeon
  3530 | D:5      | Killed from afar by an orc priest

Skill      XL: |  1  2  3  4  5  6  7 |
---------------+----------------------+-----
Shields        | 4 5 |  5.7
Dodging        | 1 2 |  2.1
Long Blades    | 3 4 |  4.3
Fighting       | 4 |  4.5
Armour         | 4 |  4.3

Action                   |  1- 3 |  4- 6 |  7- 9 || total
-------------------------+-------+-------+-------++-------
Melee: Long sword        |   110 |   217 |    49 ||   376
 Abil: Dig               |     1 |     7 |     2 ||    10
  Use: Scroll            |       |     9 |       ||     9
  Eat: Chunk             |       |     6 |       ||     6
       Beef jerky        |       |     1 |       ||     1
       Meat ration       |       |       |     1 ||     1
Armor: Scale mail        |    60 |    83 |    15 ||   158
Dodge: Dodged            |    46 |    79 |    15 ||   140
Block: Shield            |    89 |   125 |    17 ||   231
       Rpst.: Long sword |    18 |    33 |     9 ||    60
